 Dungeon Crawl Stone Soup version 0.30-a0-605-gb2882149bf (webtiles) character file.

Game seed: 1053302073554717553

1776 timneilson the Shield-Bearer (level 9, -2/54 HPs)
             Began as a Gargoyle Fighter on Jan 8, 2023.
             Slain by a troll (5 damage)
             ... on level 6 of the Dungeon.
             The game lasted 00:11:35 (5126 turns).

timneilson the Shield-Bearer (Gargoyle Fighter)     Turns: 5126, Time: 00:11:36

Health: -2/54      AC: 21    Str: 23    XL:     9   Next: 8%
Magic:  9/9        EV:  8    Int: 10    God:
Gold:   226        SH:  5    Dex:  9    Spells: 8/8 levels left

rFire   . . .      SeeInvis .    a - +0 long sword
rCold   . . .      Faith    .    c - +0 buckler
rNeg    + . .      Spirit   .    l - +0 chain mail
rPois   ∞          Reflect  .    d - +0 helmet
rElec   +          Harm     .    j - +0 cloak
rCorr   .          Rampage  .    (no gloves)
Will    .....                    h - +1 pair of boots Stlth
                                 (no amulet)
HPRegen 0.29/turn                (no ring)
MPRegen 0.11/turn                (no ring)

@: hasted, very quick
A: sickness immunity, AC +6, negative energy resistance 1, electricity
resistance, torment resistance 1, petrification resistance
a: no special abilities


You were on level 6 of the Dungeon.
You visited 1 branch of the dungeon, and saw 7 of its levels.

You collected 226 gold pieces.

Inventory:

Hand Weapons
 a - a +0 long sword (weapon)
Missiles
 e - 2 throwing nets (quivered)
Armour
 c - a +0 buckler (worn)
 d - a +0 helmet (worn)
 h - a +1 pair of boots (worn)
 j - a +0 cloak (worn)
 l - a +0 chain mail (worn)
Wands
 r - a wand of acid (11)
Scrolls
 b - a scroll of enchant armour {unknown}
 g - 3 scrolls of blinking
 i - a scroll of noise {unknown}
 n - a scroll of amnesia
 q - 2 scrolls of magic mapping
Potions
 f - a potion of mutation
 k - a potion of flight


   Skills:
 + Level 5.4 Fighting
 * Level 5.3 Long Blades
 * Level 6.8 Armour
 + Level 2.9 Dodging
 * Level 6.9 Shields
 + Level 2.0 Evocations


You had 8 spell levels left.
You didn't know any spells.
Your spell library contained the following spells:

 Spells                   Type           Power      Damage    Failure   Level
 Foxfire                  Conj/Fire      0%         2x1d4     97%         1
 Freeze                   Ice            0%         1d3       97%         1
 Ensorcelled Hibernation  Hex/Ice        0%         N/A       99%         2
 Passwall                 Tmut/Erth      0%         N/A       99%         2
 Frozen Ramparts          Ice            0%         1d1       100%        3
 Hailstorm                Conj/Ice       0%         3d3       100%        3
 Ignite Poison            Fire/Tmut/Pois 0%         N/A       100%        3
 Kindle Blastsparks       Fire/Tloc/Air  0%         2d10      100%        3
 Swiftness                Air            0%         N/A       100%        3
 Vhi's Electric Charge    Tloc/Air       0%         N/A       100%        3
 Arcjolt                  Conj/Air       0%         1d10      100%        5
 Fireball                 Conj/Fire      0%         3d3       100%        5
 Freezing Cloud           Conj/Ice/Air   0%         6-21      100%        5
 Starburst                Conj/Fire      0%         6d3       100%        6
 Maxwell's Capacitive Co  Air            0%         ∞         100%        8


Dungeon Overview and Level Annotations

Branches:
Dungeon (7/15)
 Temple: D:4-7

Altars:

Shops:
D:4 ?   D:7 [


Innate Abilities, Weirdness & Mutations

You are immune to sickness and miasma.
Your stone body is resilient. (AC +6)
You are immune to poison.
You resist negative energy. (rN+)
You are resistant to electric shocks. (rElec)
You are resistant to unholy torment.
You are immune to petrification.


Message History

You hit the troll but do no damage.
The troll is heavily wounded.
You block the troll's attack. x2; The troll barely misses you.
You hit the troll.
The troll is heavily wounded.
The troll bites you!
* * * LOW HITPOINT WARNING * * *
The troll claws you but does no damage. You block the troll's attack.
You hit the troll but do no damage.
The troll is heavily wounded.
The troll bites you but does no damage. The troll claws you but does no damage.
The troll claws you.
* * * LOW HITPOINT WARNING * * *
You hit the troll.
The troll is severely wounded.
You hit the troll.
The troll is severely wounded.
The troll bites you but does no damage.
The troll claws you but does no damage. x2
You hit the troll but do no damage.
The troll is severely wounded.
The troll bites you but does no damage. The troll claws you but does no damage.
The troll barely misses you.
You barely miss the troll.
The troll is severely wounded.
You slash the troll!
The troll is almost dead.
The troll bites you but does no damage. You block the troll's attack.
The troll claws you but does no damage.
You barely miss the troll.
The troll is almost dead.
The troll bites you but does no damage.
The troll claws you but does no damage. x2
You hit the troll.
The troll is almost dead.
The troll barely misses you. The troll claws you.
* * * LOW HITPOINT WARNING * * *
The troll claws you but does no damage.
You closely miss the troll.
The troll is almost dead.
The troll bites you.
You die...

.T.P#
#P...#
#...P#
#P...#
#...P#
#P...#
#...P#
#T####
#.@..#
#....#
#....#
#....#
#....######
#....†....#
#....#).⌠.#
#....#.⌠..#
#....#....#


You could see a troll.

Vanquished Creatures
  A wyvern (D:7)
  2 water moccasins
  2 black bears
  An ogre (D:7)
  3 phantoms
  A kobold brigand (D:4)
  A bullfrog (D:7)
  A necrophage (D:6)
  A gnoll sergeant (D:4)
  3 howler monkeys
  2 hounds
  Crazy Yiuf (D:2)
  A jelly (D:5)
  An orc priest (D:3)
  A gnoll bouda (D:7)
  Jessica (D:2)
  2 iguanas
  Terence (D:2)
  An orc wizard (D:7)
  Robin (D:2)
  5 adders
  8 gnolls
  A shadow imp (D:6)
  2 ufetubi
  3 dart slugs
  5 orcs
  6 bats
  4 endoplasms
  5 giant cockroaches
  13 goblins
  12 hobgoblins
  2 jackals (D:3)
  13 kobolds
  7 quokkas
  6 ball pythons
  3 frilled lizards
  8 rats
131 creatures vanquished.

Vanquished Creatures (others)
  7 plants (D:4)
7 creatures vanquished.

Grand Total: 138 creatures vanquished

Notes
Turn   | Place    | Note
-------+----------+-------------------------------------------
     0 | D:1      | timneilson the Gargoyle Fighter began the quest for the
                  | Orb.
     0 | D:1      | Reached XP level 1. HP: 14/14 MP: 1/1
   146 | D:1      | Reached XP level 2. HP: 19/19 MP: 2/2
   937 | D:2      | Reached XP level 3. HP: 23/23 MP: 3/3
  1007 | D:2      | Noticed Terence
  1036 | D:2      | Killed Terence
  1069 | D:2      | Noticed Jessica
  1074 | D:2      | Killed Jessica
  1075 | D:2      | Reached XP level 4. HP: 26/29 MP: 4/4
  1127 | D:2      | Found a runed translucent door.
  1128 | D:2      | Noticed Crazy Yiuf
  1161 | D:2      | Noticed Robin
  1186 | D:2      | Killed Robin
  1206 | D:2      | Reached XP level 5. HP: 25/33 MP: 5/5
  1290 | D:2      | Reached skill level 1 in Dodging
  1452 | D:2      | Identified the +2 ring mail of Fashionability {rPois rF-
                  | Int+5}
  2416 | D:2      | HP: 1/33 [Crazy Yiuf/+2 quarterstaff of chaos (3)]
  2419 | D:2      | Killed Crazy Yiuf
  2421 | D:2      | Identified the +3 hammer "Pestrir" {flame, rElec Int-5
                  | Stlth+}
  2585 | D:4      | Identified the +1 leather armour of Courage {Str+6 Int+3
                  | Slay-5}
  2678 | D:4      | Noticed a phantom
  2700 | D:4      | Killed a phantom
  2701 | D:4      | Reached XP level 6. HP: 18/38 MP: 6/6
  2981 | D:4      | Identified the +0 ring mail of Qazlal's Fury {*Slow +Inv
                  | Fly Regen+}
  3056 | D:4      | Identified the +7 rapier of Saahycass {drain, rC+ MP+9
                  | Dex+2 SInv}
  3277 | D:4      | Found Osupso's Magic Scroll Boutique.
  3403 | D:4      | Reached skill level 5 in Shields
  3403 | D:4      | Reached XP level 7. HP: 31/44 MP: 7/7
  3619 | D:5      | Entered Level 5 of the Dungeon
  3682 | D:5      | Reached skill level 5 in Armour
  4279 | D:5      | You fall into a shaft and drop 2 floors!
  4347 | D:7      | Reached XP level 8. HP: 48/48 MP: 8/8
  4379 | D:7      | Noticed a wyvern
  4393 | D:7      | Reached skill level 1 in Evocations
  4421 | D:7      | Killed a wyvern
  4422 | D:7      | Reached skill level 5 in Fighting
  4622 | D:7      | Found Fuiraczu's Armour Boutique.
  4785 | D:6      | Reached skill level 5 in Long Blades
  5015 | D:6      | Reached XP level 9. HP: 17/54 MP: 9/9
  5100 | D:6      | Noticed a troll
  5118 | D:6      | HP: 2/54 [troll (4)]
  5126 | D:6      | Slain by a troll

Illustrated notes

Levels and vault maps discovered:
D:1:      lightli_arrival_farm, layout_basic, hangedman_feature_mirror
D:2:      layout_basic, minmay_pentomino_r2, uniq_jessica,
          uniq_crazy_yiuf_cottage, uniq_robin, uniq_terence
D:3:      layout_basic
D:4:      layout_gridville, serial_shops, nicolae_shop_hallway_plus,
          lexackson_kobold_supper
D:5:      minmay_razor_zed, layout_loops_cross, chequers_serial_rivers_room_a,
          minmay_crystal_water, chequers_serial_rivers_small_3,
          minmay_misc_feat_plants, uniq_menkaure
D:6:      minmay_klotski, layout_basic, mainiacjoe_overflow_catwalk
D:7:      layout_basic, gammafunk_temple_overflow_pools, temple_statues,
          serial_shops, nicolae_shop_trees

Skill      XL: |  1  2  3  4  5  6  7  8  9 |
---------------+----------------------------+-----
Long Blades    | 2 3 4 5 |  5.3
Armour         | 4 5 6 |  6.8
Shields        | 4 5 6 |  6.9
Dodging        | 1 2 |  2.9
Fighting       | 4 5 |  5.4
Evocations     | 1 2 |  2.0

Action                   |  1- 3 |  4- 6 |  7- 9 || total
-------------------------+-------+-------+-------++-------
Melee: Long sword        |   104 |   321 |   371 ||   796
  Use: Scroll            |     3 |     5 |     2 ||    10
       Potion            |     1 |     2 |     9 ||    12
Armor: Scale mail        |    59 |   187 |       ||   246
       Chain mail        |       |    32 |   289 ||   321
Dodge: Dodged            |    57 |   154 |   182 ||   393
Block: Buckler           |    20 |    84 |   113 ||   217

Table legend: (Time is in decaauts)
 A = Elapsed time spent in this place.
 B = Non-inter-level travel time spent in this place.
 C = Inter-level travel time spent in this place.
 D = Time resting spent in this place.
 E = Time spent auto-exploring this place.
 F = Levels seen in this place.
 G = Mean time per level.
                   A        B        C        D        E       F      G
               +--------+--------+--------+--------+--------+-----+--------+
         Total |   5355 |   5114 |    241 |    262 |   3097 |   7 |  765.0 |
       Dungeon |   5355 |   5114 |    241 |    262 |   3097 |   7 |  765.0 |
               +--------+--------+--------+--------+--------+-----+--------+

Top non-repeatable levels by time:
     D:4: 1154 daAuts
     D:2: 1100 daAuts
     D:1: 976 daAuts
     D:3: 716 daAuts
     D:5: 532 daAuts
     D:7: 524 daAuts
     D:6: 352 daAuts
